[ AOE2 MATCH · #491709381 ]
UnrankedPersians vs Magyars
[ REPLAY ANALYSIS · EXTRACTED FROM THE RECORDED GAME ]
Feudal
9:14
Castle
22:15
Imperial
—
| APM avg | 41.0 |
| APM peak | 147 |
| eAPM avg | 26.6 |
| Villagers / military | 81 / 69 |
Focus
⚔️ 66.5% · 🌾 33.5%
Camel Scout ×28 · Knight ×21 · Scout Cavalry ×15 · Battering Ram ×4 · Monk ×1
Feudal
9:49
Castle
24:41
Imperial
—
| APM avg | 34.3 |
| APM peak | 88 |
| eAPM avg | 12.7 |
| Villagers / military | 65 / 65 |
Focus
⚔️ 28.2% · 🌾 71.8%
Knight ×33 · Scout Cavalry ×31 · Spearman ×1
Feudal
9:43
Castle
26:47
Imperial
—
| APM avg | 34.8 |
| APM peak | 119 |
| eAPM avg | 14.4 |
| Villagers / military | 78 / 82 |
Focus
⚔️ 36.5% · 🌾 63.5%
Knight ×41 · Scout Cavalry ×41
Feudal
10:05
Castle
22:20
Imperial
—
| APM avg | 57.4 |
| APM peak | 91 |
| eAPM avg | 25.6 |
| Villagers / military | 71 / 120 |
Focus
⚔️ 41.6% · 🌾 58.4%
Archer ×99 · Battering Ram ×10 · Hand Cannoneer ×10 · Spearman ×1 · Trade Cart ×1
Feudal
9:41
Castle
25:37
Imperial
—
| APM avg | 69.2 |
| APM peak | 164 |
| eAPM avg | 35.3 |
| Villagers / military | 93 / 102 |
Focus
⚔️ 65.6% · 🌾 34.4%
Archer ×100 · Mangonel ×2
Feudal
10:37
Castle
—
Imperial
—
| APM avg | 20.4 |
| APM peak | 53 |
| eAPM avg | 10.9 |
| Villagers / military | 56 / 0 |
Focus
⚔️ 11.1% · 🌾 88.9%
Feudal
9:27
Castle
22:35
Imperial
—
| APM avg | 65.6 |
| APM peak | 108 |
| eAPM avg | 24.8 |
| Villagers / military | 70 / 67 |
Focus
⚔️ 23.3% · 🌾 76.7%
Knight ×37 · Scout Cavalry ×11 · Skirmisher ×10 · Mangonel ×6 · Cavalry Archer ×2 · Archer ×1
Feudal
12:07
Castle
16:41
Imperial
—
| APM avg | 21.8 |
| APM peak | 60 |
| eAPM avg | 10.6 |
| Villagers / military | 75 / 53 |
Focus
⚔️ 23.4% · 🌾 76.6%
Knight ×50 · Spearman ×2 · Scout Cavalry ×1
Match map
Initial resources + every placement click. Lines = walls · curves = elevation contours. ◆ gold · ⬟ stone · ● berries · ✦ relic · ◌ wall gap
Your base· ✓ Closed at 22:15 · 0t walls · fragile
FreeWilly's base· Open — unwalled flank
Heisenberg's base· ✓ Closed at 26:47 · 0t walls · fragile
romulus.nashoba's base· Open — unwalled flank
kuromi's base· ✓ Closed at 25:37 · 17t walls · 1 gate(s) · fragile
TheTaggerung's base· Open — unwalled flank
NaaVyii_'s base· ✓ Closed at 22:35 · 16t walls · fragile
WestPlatypus43's base· Open — unwalled flank
Smoothed initial terrain · ◌ = detected wall gap · hover for details
Inputs per minute
— Dadagama - - FreeWilly
Build order — Dadagama
First 150 of 197 actions detected
| 0:01 | Create | Villager (Male) |
| 0:01 | Create | Villager (Male) |
| 0:02 | Build | House |
| 0:04 | Build | House |
| 0:24 | Create | Villager (Male) |
| 0:24 | Create | Villager (Male) |
| 0:24 | Create | Villager (Male) |
| 0:24 | Create | Villager (Male) |
| 1:27 | Create | Villager (Male) |
| 1:27 | Create | Villager (Male) |
| 2:00 | Create | Villager (Male) |
| 2:00 | Create | Villager (Male) |
| 2:05 | Build | Lumber Camp |
| 2:09 | Create | Villager (Male) |
| 2:10 | Create | Villager (Male) |
| 3:01 | Create | Villager (Male) |
| 3:02 | Create | Villager (Male) |
| 3:15 | Build | House |
| 3:20 | Build | House |
| 3:26 | Create | Villager (Male) |
| 3:26 | Create | Villager (Male) |
| 3:36 | Create | Villager (Male) |
| 3:36 | Create | Villager (Male) |
| 4:07 | Build | Mill |
| 4:08 | Create | Villager (Male) |
| 5:03 | Create | Villager (Male) |
| 5:23 | Create | Villager (Male) |
| 5:43 | Create | Villager (Male) |
| 5:53 | Create | Villager (Male) |
| 5:54 | Research | Loom |
| 7:05 | Research | Feudal Age |
| 7:28 | Build | Barracks |
| 7:32 | Create | Villager (Male) |
| 7:44 | Create | Villager (Male) |
| 9:14 | Age | Feudal Age |
| 9:27 | Build | Stable |
| 9:29 | Research | Double-Bit Axe |
| 9:48 | Build | Blacksmith |
| 9:57 | Create | Villager (Male) |
| 9:57 | Create | Villager (Male) |
| 10:05 | Build | House |
| 10:12 | Build | Farm |
| 10:15 | Build | Farm |
| 10:21 | Create | Scout Cavalry |
| 10:21 | Create | Scout Cavalry |
| 10:21 | Create | Scout Cavalry |
| 10:29 | Build | House |
| 10:38 | Create | Scout Cavalry |
| 10:49 | Create | Villager (Male) |
| 10:49 | Create | Villager (Male) |
| 10:56 | Build | Farm |
| 10:58 | Build | Farm |
| 11:14 | Create | Villager (Male) |
| 11:14 | Create | Villager (Male) |
| 11:17 | Build | Farm |
| 11:35 | Build | House |
| 11:36 | Build | House |
| 11:53 | Create | Scout Cavalry |
| 11:54 | Create | Villager (Male) |
| 12:05 | Build | Farm |
| 12:07 | Build | Farm |
| 12:09 | Create | Villager (Male) |
| 12:28 | Create | Scout Cavalry |
| 12:29 | Create | Villager (Male) |
| 12:29 | Create | Villager (Male) |
| 12:54 | Create | Scout Cavalry |
| 13:11 | Create | Villager (Male) |
| 13:11 | Create | Villager (Male) |
| 13:15 | Build | House |
| 13:18 | Build | Farm |
| 13:19 | Build | Farm |
| 13:19 | Build | Farm |
| 13:19 | Build | Farm |
| 13:23 | Build | Farm |
| 13:24 | Build | Farm |
| 13:24 | Build | Farm |
| 13:24 | Build | Farm |
| 14:00 | Create | Scout Cavalry |
| 14:00 | Create | Scout Cavalry |
| 14:02 | Create | Villager (Male) |
| 14:02 | Create | Villager (Male) |
| 14:03 | Create | Villager (Male) |
| 14:05 | Build | Farm |
| 14:06 | Build | Farm |
| 14:06 | Build | Farm |
| 14:06 | Build | Farm |
| 14:06 | Build | Farm |
| 14:06 | Build | Farm |
| 14:10 | Build | Farm |
| 14:10 | Build | Farm |
| 14:11 | Build | Farm |
| 14:41 | Create | Villager (Male) |
| 14:44 | Build | Farm |
| 14:44 | Build | Farm |
| 14:44 | Build | Farm |
| 14:45 | Build | Farm |
| 14:50 | Build | Farm |
| 14:53 | Create | Villager (Male) |
| 14:57 | Create | Scout Cavalry |
| 15:04 | Build | Farm |
| 15:18 | Build | Farm |
| 15:31 | Research | Forging |
| 15:51 | Create | Villager (Male) |
| 15:51 | Create | Villager (Male) |
| 16:05 | Build | Market |
| 16:28 | Create | Scout Cavalry |
| 16:36 | Create | Villager (Male) |
| 16:36 | Create | Villager (Male) |
| 17:17 | Create | Villager (Male) |
| 17:17 | Create | Villager (Male) |
| 17:21 | Build | Mining Camp |
| 17:24 | Build | Farm |
| 17:26 | Build | Farm |
| 17:33 | Build | Farm |
| 17:47 | Create | Villager (Male) |
| 17:55 | Research | Horse Collar |
| 17:59 | Research | Bloodlines |
| 18:04 | Build | House |
| 18:07 | Build | House |
| 18:41 | Build | Stable |
| 18:44 | Create | Villager (Male) |
| 18:44 | Create | Villager (Male) |
| 18:48 | Build | Farm |
| 18:52 | Build | Farm |
| 19:50 | Research | Castle Age |
| 20:13 | Build | Stable |
| 20:33 | Create | Scout Cavalry |
| 20:33 | Create | Scout Cavalry |
| 20:33 | Create | Scout Cavalry |
| 20:42 | Build | Farm |
| 20:49 | Research | Gold Mining |
| 20:52 | Create | Villager (Male) |
| 20:52 | Create | Villager (Male) |
| 20:52 | Create | Villager (Male) |
| 20:58 | Create | Scout Cavalry |
| 22:15 | Age | Castle Age |
| 22:17 | Research | Scale Barding Armor |
| 22:20 | Research | Husbandry |
| 22:21 | Create | Knight ×5 |
| 22:30 | Build | Siege Workshop |
| 22:36 | Build | House |
| 22:42 | Build | House |
| 22:45 | Create | Knight |
| 22:47 | Create | Villager (Male) |
| 22:47 | Create | Villager (Male) |
| 22:59 | Build | House |
| 23:12 | Build | Farm |
| 23:42 | Create | Camel Scout ×2 |
| 23:46 | Build | House |
| 23:48 | Build | House |
Build order — FreeWilly
First 150 of 200 actions detected
| 0:01 | Create | Villager (Male) |
| 0:02 | Create | Villager (Male) |
| 0:02 | Create | Villager (Male) |
| 0:02 | Create | Villager (Male) |
| 0:04 | Build | House |
| 0:05 | Build | House |
| 1:27 | Create | Villager (Male) |
| 2:08 | Build | Lumber Camp |
| 2:12 | Create | Villager (Male) |
| 2:25 | Create | Villager (Male) |
| 2:51 | Create | Villager (Male) |
| 3:11 | Create | Villager (Male) |
| 3:51 | Build | Mill |
| 3:59 | Create | Villager (Male) |
| 4:32 | Create | Villager (Male) |
| 4:32 | Create | Villager (Male) |
| 4:33 | Create | Villager (Male) |
| 4:37 | Build | House |
| 5:06 | Build | House |
| 5:19 | Create | Villager (Male) |
| 5:19 | Create | Villager (Male) |
| 6:15 | Create | Villager (Male) |
| 7:02 | Research | Loom |
| 7:39 | Research | Feudal Age |
| 8:01 | Build | Barracks |
| 8:58 | Build | Mill |
| 9:07 | Create | Villager (Male) |
| 9:12 | Build | House |
| 9:49 | Age | Feudal Age |
| 9:52 | Build | Stable |
| 10:02 | Research | Double-Bit Axe |
| 10:04 | Research | Horse Collar |
| 10:40 | Create | Scout Cavalry |
| 10:45 | Build | Stable |
| 10:53 | Create | Villager (Male) |
| 10:54 | Create | Villager (Male) |
| 11:01 | Build | Farm |
| 11:08 | Create | Scout Cavalry |
| 11:18 | Build | Farm |
| 11:22 | Build | Farm |
| 11:41 | Create | Villager (Male) |
| 11:56 | Create | Scout Cavalry |
| 12:01 | Create | Villager (Male) |
| 12:08 | Build | Blacksmith |
| 12:24 | Build | House |
| 12:30 | Create | Scout Cavalry |
| 12:37 | Build | House |
| 12:57 | Create | Villager (Male) |
| 12:59 | Create | Scout Cavalry |
| 13:07 | Build | Farm |
| 13:25 | Create | Scout Cavalry |
| 13:27 | Create | Villager (Male) |
| 13:34 | Build | Farm |
| 13:36 | Build | Farm |
| 13:38 | Build | Farm |
| 13:40 | Build | Farm |
| 13:49 | Create | Villager (Male) |
| 14:02 | Create | Scout Cavalry |
| 14:06 | Build | Farm |
| 14:24 | Create | Villager (Male) |
| 14:47 | Create | Scout Cavalry |
| 14:49 | Create | Villager (Male) |
| 14:59 | Create | Scout Cavalry |
| 15:15 | Build | Farm |
| 15:19 | Build | Farm |
| 15:20 | Create | Villager (Male) |
| 15:33 | Create | Scout Cavalry |
| 15:36 | Create | Scout Cavalry |
| 15:45 | Build | House |
| 15:46 | Build | House |
| 16:09 | Research | Scale Barding Armor |
| 16:10 | Create | Villager (Male) |
| 16:12 | Build | Farm |
| 16:26 | Create | Scout Cavalry |
| 16:31 | Build | Farm |
| 16:32 | Build | Farm |
| 16:32 | Build | Farm |
| 16:43 | Create | Scout Cavalry |
| 16:43 | Create | Villager (Male) |
| 17:09 | Create | Scout Cavalry |
| 17:10 | Create | Scout Cavalry |
| 17:34 | Create | Scout Cavalry |
| 17:34 | Create | Scout Cavalry |
| 17:42 | Create | Villager (Male) |
| 17:47 | Build | Farm |
| 17:48 | Build | Farm |
| 17:49 | Build | Farm |
| 18:09 | Create | Villager (Male) |
| 18:11 | Create | Scout Cavalry |
| 18:11 | Create | Scout Cavalry |
| 18:16 | Build | Farm |
| 18:26 | Create | Spearman |
| 18:29 | Create | Scout Cavalry |
| 18:31 | Create | Villager (Male) |
| 18:46 | Build | Farm |
| 18:50 | Create | Scout Cavalry |
| 19:00 | Create | Villager (Male) |
| 19:03 | Build | Farm |
| 19:05 | Create | Villager (Male) |
| 19:14 | Build | Mining Camp |
| 19:24 | Create | Scout Cavalry |
| 19:25 | Create | Villager (Male) |
| 19:50 | Create | Villager (Male) |
| 20:16 | Create | Villager (Male) |
| 20:22 | Create | Villager (Male) |
| 20:29 | Build | Market |
| 20:56 | Create | Villager (Male) |
| 21:36 | Create | Villager (Male) |
| 21:40 | Build | House |
| 21:52 | Research | Castle Age |
| 22:00 | Build | Farm |
| 22:01 | Build | Farm |
| 22:08 | Build | Farm |
| 22:16 | Create | Scout Cavalry |
| 22:20 | Create | Scout Cavalry |
| 22:24 | Build | House |
| 22:26 | Build | House |
| 22:29 | Build | Stable |
| 22:37 | Build | Lumber Camp |
| 22:45 | Research | Bloodlines |
| 23:16 | Create | Scout Cavalry |
| 23:34 | Create | Scout Cavalry |
| 23:34 | Create | Scout Cavalry |
| 23:35 | Create | Villager (Male) |
| 23:41 | Create | Scout Cavalry |
| 23:41 | Create | Scout Cavalry |
| 23:54 | Create | Villager (Male) |
| 24:00 | Research | Gold Mining |
| 24:10 | Create | Scout Cavalry |
| 24:24 | Build | Farm |
| 24:28 | Create | Villager (Male) |
| 24:41 | Age | Castle Age |
| 24:43 | Research | Husbandry |
| 24:44 | Create | Knight |
| 24:45 | Create | Knight |
| 24:58 | Build | Town Center |
| 25:07 | Create | Knight |
| 25:07 | Create | Knight |
| 25:40 | Create | Knight |
| 25:40 | Create | Knight |
| 26:07 | Create | Knight |
| 26:07 | Create | Knight |
| 26:08 | Create | Villager (Male) |
| 26:08 | Create | Villager (Male) |
| 26:36 | Research | Chain Barding Armor |
| 27:14 | Create | Knight |
| 27:14 | Create | Knight |
| 27:14 | Create | Knight |
| 27:20 | Create | Villager (Male) |
| 27:20 | Create | Villager (Male) |
Build order — Heisenberg
First 150 of 236 actions detected
| 0:02 | Build | House |
| 0:03 | Create | Villager (Male) |
| 0:04 | Create | Villager (Male) |
| 0:04 | Create | Villager (Male) |
| 0:05 | Build | House |
| 0:09 | Create | Villager (Male) |
| 0:09 | Create | Villager (Male) |
| 1:27 | Create | Villager (Male) |
| 1:27 | Create | Villager (Male) |
| 2:00 | Build | Lumber Camp |
| 2:02 | Create | Villager (Male) |
| 2:28 | Create | Villager (Male) |
| 2:55 | Create | Villager (Male) |
| 2:56 | Create | Villager (Male) |
| 3:05 | Build | House |
| 3:26 | Create | Villager (Male) |
| 3:45 | Create | Villager (Male) |
| 4:13 | Create | Villager (Male) |
| 4:13 | Create | Villager (Male) |
| 4:28 | Create | Villager (Male) |
| 4:28 | Create | Villager (Male) |
| 4:43 | Build | House |
| 4:59 | Create | Villager (Male) |
| 5:13 | Create | Villager (Male) |
| 5:16 | Build | Mill |
| 5:53 | Create | Villager (Male) |
| 5:53 | Create | Villager (Male) |
| 6:17 | Research | Loom |
| 7:33 | Research | Feudal Age |
| 7:44 | Build | Farm |
| 7:46 | Build | Farm |
| 7:47 | Build | Farm |
| 7:50 | Build | Farm |
| 8:39 | Build | Barracks |
| 9:43 | Age | Feudal Age |
| 9:49 | Create | Villager (Male) |
| 9:49 | Create | Villager (Male) |
| 10:12 | Build | Stable |
| 10:29 | Build | House |
| 10:31 | Build | House |
| 10:37 | Create | Villager (Male) |
| 10:37 | Create | Villager (Male) |
| 10:47 | Build | House |
| 11:06 | Create | Scout Cavalry |
| 11:06 | Create | Scout Cavalry |
| 11:07 | Create | Scout Cavalry |
| 11:16 | Research | Double-Bit Axe |
| 11:21 | Research | Horse Collar |
| 11:47 | Build | House |
| 11:47 | Build | House |
| 11:50 | Create | Villager (Male) |
| 11:50 | Create | Villager (Male) |
| 11:50 | Create | Villager (Male) |
| 12:18 | Build | House |
| 12:23 | Build | Lumber Camp |
| 12:28 | Create | Scout Cavalry |
| 13:24 | Create | Scout Cavalry ×5 |
| 13:24 | Create | Scout Cavalry ×5 |
| 13:40 | Build | House |
| 13:41 | Build | Farm |
| 13:42 | Create | Villager (Male) |
| 13:42 | Create | Villager (Male) |
| 13:49 | Create | Villager (Male) |
| 13:50 | Create | Villager (Male) |
| 13:52 | Build | Farm |
| 13:52 | Build | Farm |
| 14:06 | Build | Blacksmith |
| 14:11 | Create | Scout Cavalry |
| 14:11 | Create | Scout Cavalry |
| 14:40 | Create | Scout Cavalry ×2 |
| 14:54 | Create | Villager (Male) |
| 14:54 | Create | Villager (Male) |
| 15:03 | Build | Farm |
| 15:03 | Build | Farm |
| 15:03 | Build | Farm |
| 15:08 | Build | House |
| 15:14 | Research | Scale Barding Armor |
| 15:25 | Build | Farm |
| 15:30 | Build | House |
| 15:53 | Create | Scout Cavalry ×2 |
| 15:53 | Create | Scout Cavalry ×2 |
| 16:09 | Build | House |
| 16:09 | Build | House |
| 16:09 | Build | House |
| 16:15 | Build | Farm |
| 16:16 | Create | Villager (Male) |
| 16:16 | Create | Villager (Male) |
| 16:23 | Create | Villager (Male) |
| 16:24 | Create | Villager (Male) |
| 16:26 | Build | Farm |
| 17:06 | Create | Scout Cavalry |
| 17:22 | Build | Farm |
| 17:22 | Build | Farm |
| 17:22 | Build | Farm |
| 17:22 | Build | Farm |
| 17:24 | Create | Villager (Male) |
| 17:28 | Build | Mining Camp |
| 17:44 | Create | Villager (Male) |
| 17:48 | Build | House |
| 18:38 | Research | Bloodlines |
| 18:41 | Create | Scout Cavalry |
| 18:41 | Create | Scout Cavalry |
| 18:43 | Create | Villager (Male) |
| 18:45 | Create | Villager (Male) |
| 19:18 | Build | Stable |
| 19:23 | Create | Scout Cavalry |
| 19:23 | Create | Scout Cavalry |
| 19:24 | Create | Scout Cavalry |
| 19:28 | Create | Scout Cavalry |
| 19:29 | Create | Scout Cavalry |
| 20:12 | Create | Scout Cavalry |
| 20:12 | Create | Scout Cavalry |
| 20:33 | Create | Scout Cavalry |
| 20:38 | Create | Villager (Male) |
| 20:38 | Create | Villager (Male) |
| 20:38 | Create | Villager (Male) |
| 20:43 | Build | Farm |
| 20:44 | Build | Farm |
| 20:44 | Build | Farm |
| 20:44 | Build | Farm |
| 20:49 | Create | Scout Cavalry |
| 21:39 | Create | Scout Cavalry ×5 |
| 21:45 | Build | House |
| 21:45 | Build | House |
| 21:46 | Create | Scout Cavalry |
| 21:46 | Create | Scout Cavalry |
| 21:51 | Create | Villager (Male) |
| 22:05 | Build | Lumber Camp |
| 22:15 | Research | Wheelbarrow |
| 22:33 | Build | Farm |
| 22:34 | Build | Farm |
| 22:48 | Build | House |
| 22:48 | Build | House |
| 23:59 | Build | Farm |
| 24:05 | Build | Market |
| 24:07 | Research | Castle Age |
| 25:48 | Build | Farm |
| 26:15 | Research | Stone Mining |
| 26:16 | Research | Gold Mining |
| 26:47 | Age | Castle Age |
| 26:48 | Create | Knight |
| 26:48 | Create | Knight |
| 26:49 | Create | Knight |
| 26:51 | Research | Chain Barding Armor |
| 26:52 | Create | Knight |
| 26:52 | Create | Knight |
| 26:53 | Create | Knight |
| 26:53 | Create | Knight |
| 26:53 | Create | Knight |
| 26:53 | Create | Knight |
Build order — romulus.nashoba
First 150 of 248 actions detected
| 0:01 | Create | Villager (Male) |
| 0:01 | Create | Villager (Male) |
| 0:02 | Build | House |
| 0:03 | Build | House |
| 0:10 | Create | Villager (Male) |
| 0:11 | Create | Villager (Male) |
| 1:25 | Create | Villager (Male) |
| 2:00 | Create | Villager (Male) |
| 2:00 | Create | Villager (Male) |
| 2:12 | Create | Villager (Male) |
| 2:12 | Create | Villager (Male) |
| 2:24 | Build | Lumber Camp |
| 2:45 | Create | Villager (Male) |
| 2:45 | Create | Villager (Male) |
| 3:04 | Build | House |
| 3:09 | Create | Villager (Male) |
| 3:09 | Create | Villager (Male) |
| 3:09 | Create | Villager (Male) |
| 4:08 | Create | Villager (Male) |
| 4:13 | Create | Villager (Male) |
| 4:17 | Create | Villager (Male) |
| 4:17 | Create | Villager (Male) |
| 5:20 | Create | Villager (Male) |
| 5:26 | Build | House |
| 5:44 | Create | Villager (Male) |
| 5:51 | Build | Mining Camp |
| 6:18 | Create | Villager (Male) |
| 6:43 | Create | Villager (Male) |
| 7:04 | Build | Mill |
| 7:08 | Research | Loom |
| 7:36 | Build | House |
| 7:55 | Research | Feudal Age |
| 7:55 | Research | Feudal Age |
| 8:48 | Create | Villager (Male) |
| 8:56 | Build | Barracks |
| 10:05 | Age | Feudal Age |
| 10:08 | Build | Archery Range |
| 10:10 | Build | Archery Range |
| 10:15 | Build | House |
| 10:20 | Build | Palisade Wall |
| 10:25 | Create | Spearman |
| 10:28 | Create | Villager (Male) |
| 10:29 | Create | Villager (Male) |
| 11:04 | Create | Archer |
| 11:04 | Create | Archer |
| 11:04 | Create | Archer |
| 11:12 | Create | Archer |
| 11:18 | Create | Archer |
| 11:19 | Create | Villager (Male) |
| 11:49 | Build | Blacksmith |
| 11:51 | Build | House |
| 11:55 | Create | Archer |
| 11:55 | Create | Archer |
| 11:55 | Create | Archer |
| 12:00 | Create | Villager (Male) |
| 12:07 | Create | Villager (Male) |
| 12:28 | Build | Palisade Wall |
| 12:40 | Create | Archer |
| 12:41 | Create | Archer |
| 12:49 | Create | Villager (Male) |
| 12:57 | Build | House |
| 12:59 | Build | House |
| 13:02 | Research | Wheelbarrow |
| 13:04 | Create | Archer |
| 13:12 | Research | Fletching |
| 13:13 | Create | Villager (Male) |
| 13:14 | Create | Archer |
| 13:23 | Create | Villager (Male) |
| 13:48 | Create | Archer |
| 13:53 | Create | Villager (Male) |
| 13:53 | Create | Villager (Male) |
| 14:13 | Create | Archer |
| 14:14 | Create | Archer |
| 14:35 | Create | Villager (Male) |
| 14:36 | Create | Villager (Male) |
| 14:53 | Create | Archer |
| 15:02 | Create | Archer |
| 15:02 | Create | Archer |
| 15:02 | Create | Archer |
| 15:08 | Build | Farm |
| 15:08 | Build | Farm |
| 15:08 | Build | Farm |
| 15:08 | Build | Farm |
| 15:09 | Build | Farm |
| 15:09 | Build | Farm |
| 15:12 | Create | Villager (Male) |
| 15:22 | Research | Double-Bit Axe |
| 15:24 | Create | Archer |
| 15:24 | Create | Villager (Male) |
| 16:05 | Create | Archer |
| 16:06 | Create | Archer |
| 16:08 | Create | Archer |
| 16:08 | Create | Archer |
| 16:08 | Create | Archer |
| 16:09 | Create | Villager (Male) |
| 16:16 | Create | Villager (Male) |
| 16:16 | Create | Villager (Male) |
| 16:18 | Create | Archer |
| 16:30 | Build | Farm |
| 16:35 | Create | Archer |
| 16:36 | Create | Archer |
| 16:36 | Create | Archer |
| 17:09 | Build | Farm |
| 17:09 | Build | Farm |
| 17:35 | Create | Villager (Male) |
| 17:36 | Create | Villager (Male) |
| 17:36 | Create | Villager (Male) |
| 17:37 | Create | Archer |
| 17:37 | Create | Villager (Male) |
| 17:41 | Create | Archer |
| 17:41 | Create | Archer |
| 17:42 | Create | Villager (Male) |
| 17:44 | Create | Archer |
| 17:44 | Create | Archer |
| 17:53 | Create | Archer |
| 18:06 | Research | Padded Archer Armor |
| 18:06 | Research | Padded Archer Armor |
| 18:09 | Create | Villager (Male) |
| 18:10 | Create | Villager (Male) |
| 18:32 | Create | Villager (Male) |
| 18:37 | Create | Archer |
| 18:37 | Create | Archer |
| 18:37 | Create | Archer |
| 18:50 | Build | Market |
| 18:53 | Create | Archer |
| 18:53 | Create | Archer |
| 19:40 | Research | Castle Age |
| 19:40 | Research | Castle Age |
| 19:43 | Create | Villager (Male) |
| 19:43 | Create | Villager (Male) |
| 20:16 | Create | Villager (Male) |
| 20:17 | Create | Archer |
| 20:18 | Create | Archer |
| 20:35 | Create | Archer |
| 20:35 | Create | Archer |
| 20:39 | Build | Archery Range |
| 20:45 | Create | Archer |
| 20:45 | Create | Archer |
| 20:47 | Create | Archer |
| 21:00 | Build | Archery Range |
| 21:02 | Create | Archer |
| 21:03 | Create | Archer |
| 21:25 | Create | Archer |
| 21:25 | Create | Villager (Male) |
| 21:37 | Create | Archer |
| 21:37 | Create | Archer |
| 21:41 | Build | House |
| 21:42 | Build | House |
| 21:44 | Create | Archer |
| 21:45 | Create | Archer |
Build order — kuromi
First 150 of 285 actions detected
| 0:00 | Create | Villager (Male) |
| 0:00 | Create | Villager (Male) |
| 0:02 | Build | House |
| 0:03 | Build | House |
| 0:19 | Create | Villager (Male) |
| 0:25 | Create | Villager (Male) |
| 0:25 | Create | Villager (Male) |
| 1:26 | Create | Villager (Male) |
| 1:26 | Create | Villager (Male) |
| 2:03 | Create | Villager (Male) |
| 2:19 | Build | Lumber Camp |
| 2:27 | Create | Villager (Male) |
| 2:27 | Create | Villager (Male) |
| 2:30 | Build | Lumber Camp |
| 3:07 | Create | Villager (Male) |
| 3:07 | Create | Villager (Male) |
| 3:32 | Create | Villager (Male) |
| 3:33 | Create | Villager (Male) |
| 3:51 | Build | House |
| 4:35 | Create | Villager (Male) |
| 4:36 | Create | Villager (Male) |
| 4:36 | Create | Villager (Male) |
| 4:38 | Create | Villager (Male) |
| 4:39 | Create | Villager (Male) |
| 4:40 | Build | Mill |
| 4:57 | Create | Villager (Male) |
| 4:58 | Create | Villager (Male) |
| 4:58 | Create | Villager (Male) |
| 5:30 | Create | Villager (Male) |
| 5:30 | Create | Villager (Male) |
| 5:30 | Create | Villager (Male) |
| 5:54 | Build | House |
| 6:25 | Build | Mining Camp |
| 6:43 | Research | Loom |
| 7:23 | Research | Feudal Age |
| 7:23 | Research | Feudal Age |
| 7:38 | Build | Palisade Wall |
| 7:55 | Build | Barracks |
| 8:15 | Build | House |
| 8:48 | Build | Palisade Wall |
| 9:17 | Build | Palisade Wall |
| 9:24 | Create | Villager (Male) |
| 9:41 | Age | Feudal Age |
| 9:42 | Create | Villager (Male) |
| 9:52 | Build | Archery Range |
| 9:56 | Create | Villager (Male) |
| 9:57 | Create | Villager (Male) |
| 10:44 | Build | Archery Range |
| 10:46 | Create | Villager (Male) |
| 10:52 | Create | Archer |
| 11:01 | Build | House |
| 11:03 | Create | Villager (Male) |
| 11:23 | Build | Palisade Gate |
| 11:26 | Research | Double-Bit Axe |
| 11:27 | Research | Double-Bit Axe |
| 11:39 | Create | Archer |
| 11:44 | Create | Villager (Male) |
| 11:58 | Create | Archer |
| 11:59 | Create | Archer |
| 12:06 | Build | House |
| 12:28 | Create | Villager (Male) |
| 12:34 | Build | House |
| 12:35 | Build | House |
| 12:39 | Build | House |
| 12:42 | Create | Archer |
| 12:42 | Create | Archer |
| 12:44 | Create | Villager (Male) |
| 13:02 | Create | Villager (Male) |
| 13:10 | Build | Blacksmith |
| 13:24 | Create | Archer |
| 13:24 | Create | Archer |
| 13:25 | Create | Villager (Male) |
| 13:45 | Research | Horse Collar |
| 13:45 | Research | Horse Collar |
| 13:46 | Create | Villager (Male) |
| 13:49 | Create | Archer |
| 13:49 | Create | Archer |
| 14:02 | Research | Fletching |
| 14:02 | Research | Fletching |
| 14:06 | Build | House |
| 14:07 | Build | House |
| 14:28 | Create | Villager (Male) |
| 14:28 | Create | Archer |
| 14:28 | Create | Archer |
| 14:49 | Research | Padded Archer Armor |
| 14:52 | Create | Archer |
| 14:52 | Create | Archer |
| 15:08 | Build | Lumber Camp |
| 15:09 | Create | Archer |
| 15:09 | Create | Archer |
| 15:24 | Create | Villager (Male) |
| 15:26 | Build | Farm |
| 15:27 | Build | Farm |
| 15:31 | Create | Archer |
| 15:31 | Create | Archer |
| 16:07 | Create | Archer |
| 16:07 | Create | Archer |
| 16:08 | Create | Villager (Male) |
| 16:08 | Create | Villager (Male) |
| 16:09 | Create | Archer |
| 16:09 | Create | Archer |
| 16:22 | Create | Archer |
| 16:22 | Create | Archer |
| 16:27 | Create | Villager (Male) |
| 16:29 | Build | Farm |
| 17:16 | Create | Archer |
| 17:16 | Create | Archer |
| 17:22 | Create | Archer |
| 17:22 | Create | Archer |
| 17:37 | Create | Archer |
| 17:37 | Create | Archer |
| 17:38 | Create | Villager (Male) |
| 17:38 | Create | Villager (Male) |
| 17:39 | Create | Villager (Male) |
| 17:47 | Build | Farm |
| 17:48 | Build | Farm |
| 18:07 | Create | Archer |
| 18:07 | Create | Archer |
| 18:08 | Create | Villager (Male) |
| 18:08 | Create | Villager (Male) |
| 18:13 | Build | Mining Camp |
| 18:15 | Build | Archery Range |
| 18:30 | Create | Villager (Male) |
| 18:33 | Build | Farm |
| 18:38 | Build | Lumber Camp |
| 18:42 | Build | Market |
| 18:52 | Build | Farm |
| 18:53 | Build | Farm |
| 18:56 | Build | Farm |
| 19:00 | Build | Farm |
| 19:03 | Create | Villager (Male) |
| 19:11 | Create | Archer |
| 19:11 | Create | Archer |
| 19:11 | Create | Archer |
| 19:13 | Create | Villager (Male) |
| 19:15 | Build | House |
| 19:16 | Build | House |
| 19:17 | Build | Palisade Wall |
| 19:34 | Build | Farm |
| 20:11 | Create | Villager (Male) |
| 20:12 | Create | Archer |
| 20:12 | Create | Archer |
| 20:16 | Create | Archer |
| 20:17 | Create | Archer |
| 20:24 | Create | Archer |
| 20:46 | Build | Farm |
| 20:48 | Build | Farm |
| 20:55 | Build | Archery Range |
| 21:00 | Create | Archer |
| 21:01 | Create | Archer |
Build order — TheTaggerung
121 actions detected in the replay
| 0:02 | Create | Villager (Male) |
| 0:02 | Create | Villager (Male) |
| 0:03 | Create | Villager (Male) |
| 0:03 | Create | Villager (Male) |
| 0:03 | Create | Villager (Male) |
| 0:05 | Build | House |
| 0:08 | Build | House |
| 1:24 | Create | Villager (Male) |
| 1:24 | Create | Villager (Male) |
| 1:49 | Create | Villager (Male) |
| 1:50 | Create | Villager (Male) |
| 1:59 | Build | Lumber Camp |
| 2:17 | Create | Villager (Male) |
| 2:17 | Create | Villager (Male) |
| 2:36 | Create | Villager (Male) |
| 2:56 | Create | Villager (Male) |
| 3:32 | Create | Villager (Male) |
| 3:46 | Research | Loom |
| 3:47 | Create | Villager (Male) |
| 3:47 | Create | Villager (Male) |
| 3:55 | Build | House |
| 4:09 | Build | House |
| 4:25 | Build | Palisade Wall |
| 4:42 | Create | Villager (Male) |
| 4:42 | Create | Villager (Male) |
| 4:43 | Create | Villager (Male) |
| 4:43 | Create | Villager (Male) |
| 4:43 | Create | Villager (Male) |
| 4:43 | Create | Villager (Male) |
| 4:56 | Create | Villager (Male) |
| 5:27 | Create | Villager (Male) |
| 5:27 | Create | Villager (Male) |
| 5:33 | Create | Villager (Male) |
| 5:37 | Build | Mill |
| 6:03 | Build | Palisade Wall |
| 6:05 | Create | Villager (Male) |
| 6:12 | Build | Palisade Wall |
| 6:35 | Build | House |
| 7:11 | Build | House |
| 7:23 | Build | House |
| 7:24 | Create | Villager (Male) |
| 7:48 | Build | House |
| 7:50 | Build | House |
| 8:14 | Research | Feudal Age |
| 8:43 | Create | Villager (Male) |
| 8:50 | Build | House |
| 8:59 | Build | Mining Camp |
| 9:41 | Build | Palisade Wall |
| 10:07 | Create | Villager (Male) |
| 10:18 | Build | Mill |
| 10:37 | Age | Feudal Age |
| 10:42 | Create | Villager (Male) |
| 11:00 | Build | Stone Wall |
| 11:24 | Create | Villager (Male) |
| 11:38 | Build | Stone Wall |
| 12:06 | Build | House |
| 12:10 | Build | House |
| 12:27 | Build | House |
| 12:30 | Build | House |
| 12:56 | Build | House |
| 13:42 | Build | House |
| 14:14 | Create | Villager (Male) |
| 14:19 | Create | Villager (Male) |
| 14:55 | Create | Villager (Male) |
| 15:44 | Build | Market |
| 16:23 | Build | Watch Tower |
| 16:41 | Build | Blacksmith |
| 17:17 | Create | Villager (Male) |
| 17:41 | Create | Villager (Male) |
| 18:02 | Create | Villager (Male) |
| 18:08 | Build | House |
| 18:13 | Create | Villager (Male) |
| 18:33 | Build | House |
| 18:35 | Build | House |
| 18:38 | Build | House |
| 18:41 | Create | Villager (Male) |
| 18:52 | Create | Villager (Male) |
| 18:56 | Build | Palisade Wall |
| 19:10 | Create | Villager (Male) |
| 19:55 | Create | Villager (Male) |
| 20:06 | Build | House |
| 20:20 | Create | Villager (Male) |
| 20:26 | Create | Villager (Male) |
| 20:48 | Build | Watch Tower |
| 20:52 | Create | Villager (Male) |
| 21:11 | Create | Villager (Male) |
| 21:33 | Create | Villager (Male) |
| 21:38 | Build | Farm |
| 21:38 | Build | Farm |
| 21:39 | Build | Farm |
| 21:39 | Build | Farm |
| 21:39 | Build | Farm |
| 21:39 | Build | Farm |
| 22:03 | Create | Villager (Male) |
| 22:25 | Create | Villager (Male) |
| 22:31 | Build | Farm |
| 22:32 | Build | Farm |
| 22:35 | Research | Double-Bit Axe |
| 22:55 | Create | Villager (Male) |
| 23:23 | Build | Farm |
| 23:26 | Build | Farm |
| 23:30 | Build | Farm |
| 23:33 | Build | Farm |
| 23:57 | Create | Villager (Male) |
| 24:02 | Build | Farm |
| 24:05 | Research | Gold Mining |
| 24:10 | Build | Farm |
| 24:12 | Build | Farm |
| 24:14 | Create | Villager (Male) |
| 24:44 | Build | Stone Wall |
| 24:56 | Create | Villager (Male) |
| 25:04 | Create | Villager (Male) |
| 25:10 | Build | Farm |
| 25:28 | Build | Farm |
| 25:30 | Create | Villager (Male) |
| 26:01 | Build | Stone Wall |
| 27:34 | Research | Castle Age |
| 27:55 | Build | House |
| 27:58 | Build | House |
| 28:01 | Build | House |
| 30:11 | Build | Town Center |
Build order — NaaVyii_
First 150 of 239 actions detected
| 0:02 | Create | Villager (Male) |
| 0:04 | Build | House |
| 0:06 | Build | House |
| 0:06 | Create | Villager (Male) |
| 0:15 | Create | Villager (Male) |
| 0:15 | Create | Villager (Male) |
| 1:25 | Create | Villager (Male) |
| 1:25 | Create | Villager (Male) |
| 1:48 | Create | Villager (Male) |
| 1:49 | Create | Villager (Male) |
| 2:16 | Create | Villager (Male) |
| 2:17 | Create | Villager (Male) |
| 2:17 | Create | Villager (Male) |
| 2:58 | Create | Villager (Male) |
| 2:58 | Create | Villager (Male) |
| 3:20 | Create | Villager (Male) |
| 3:20 | Create | Villager (Male) |
| 3:43 | Create | Villager (Male) |
| 3:44 | Create | Villager (Male) |
| 3:56 | Build | Lumber Camp |
| 4:05 | Build | House |
| 4:06 | Create | Villager (Male) |
| 4:07 | Create | Villager (Male) |
| 4:29 | Create | Villager (Male) |
| 4:29 | Create | Villager (Male) |
| 5:09 | Create | Villager (Male) |
| 5:36 | Build | Mill |
| 5:44 | Create | Villager (Male) |
| 5:59 | Create | Villager (Male) |
| 6:01 | Research | Loom |
| 6:01 | Research | Loom |
| 7:17 | Research | Feudal Age |
| 7:17 | Research | Feudal Age |
| 8:13 | Build | House |
| 8:50 | Build | Barracks |
| 9:27 | Age | Feudal Age |
| 9:27 | Create | Villager (Male) |
| 9:28 | Create | Villager (Male) |
| 9:30 | Research | Double-Bit Axe |
| 9:30 | Research | Double-Bit Axe |
| 9:47 | Build | Stable |
| 9:56 | Create | Villager (Male) |
| 10:20 | Build | Mill |
| 10:21 | Build | Farm |
| 10:22 | Create | Villager (Male) |
| 10:39 | Build | Palisade Wall |
| 10:40 | Create | Scout Cavalry |
| 10:40 | Create | Scout Cavalry |
| 10:40 | Create | Scout Cavalry |
| 10:49 | Create | Villager (Male) |
| 10:52 | Build | Farm |
| 10:54 | Build | Farm |
| 11:14 | Build | House |
| 11:44 | Build | Palisade Wall |
| 11:53 | Create | Scout Cavalry |
| 12:12 | Create | Villager (Male) |
| 12:12 | Create | Villager (Male) |
| 12:15 | Build | Farm |
| 12:16 | Build | Farm |
| 12:24 | Create | Scout Cavalry |
| 12:25 | Create | Scout Cavalry |
| 12:28 | Build | House |
| 12:53 | Build | Archery Range |
| 12:57 | Create | Scout Cavalry |
| 13:07 | Build | House |
| 13:08 | Build | House |
| 13:16 | Research | Wheelbarrow |
| 13:17 | Research | Wheelbarrow |
| 13:17 | Research | Wheelbarrow |
| 13:19 | Build | Farm |
| 13:22 | Build | Farm |
| 13:44 | Build | House |
| 14:10 | Build | Farm |
| 14:10 | Build | Farm |
| 14:11 | Create | Villager (Male) |
| 14:19 | Create | Skirmisher |
| 14:19 | Create | Skirmisher |
| 14:30 | Create | Skirmisher |
| 14:47 | Build | House |
| 14:48 | Create | Villager (Male) |
| 14:51 | Build | Farm |
| 15:03 | Create | Scout Cavalry |
| 15:04 | Create | Scout Cavalry |
| 15:16 | Build | Palisade Wall |
| 15:34 | Create | Skirmisher |
| 15:34 | Create | Skirmisher |
| 15:34 | Create | Skirmisher |
| 15:44 | Create | Villager (Male) |
| 15:45 | Create | Villager (Male) |
| 15:47 | Build | Farm |
| 15:55 | Create | Skirmisher |
| 15:55 | Create | Skirmisher |
| 16:15 | Create | Archer |
| 16:17 | Create | Villager (Male) |
| 16:51 | Create | Scout Cavalry |
| 16:52 | Create | Scout Cavalry |
| 17:09 | Create | Villager (Male) |
| 17:09 | Create | Villager (Male) |
| 17:23 | Create | Skirmisher |
| 17:23 | Create | Skirmisher |
| 17:33 | Build | House |
| 17:34 | Build | House |
| 17:35 | Build | House |
| 18:04 | Create | Villager (Male) |
| 18:04 | Create | Villager (Male) |
| 18:08 | Build | Mining Camp |
| 18:14 | Build | Market |
| 18:36 | Create | Villager (Male) |
| 19:12 | Build | Farm |
| 19:12 | Build | Farm |
| 19:13 | Build | Farm |
| 19:55 | Research | Castle Age |
| 19:55 | Research | Castle Age |
| 19:56 | Build | Farm |
| 19:56 | Build | Farm |
| 20:01 | Build | Farm |
| 20:23 | Build | Farm |
| 20:42 | Build | Blacksmith |
| 21:19 | Research | Gold Mining |
| 21:19 | Research | Gold Mining |
| 21:26 | Build | Farm |
| 21:27 | Build | Farm |
| 21:28 | Build | Farm |
| 21:29 | Build | House |
| 21:32 | Research | Forging |
| 21:33 | Research | Forging |
| 21:34 | Research | Scale Barding Armor |
| 21:34 | Research | Scale Barding Armor |
| 22:01 | Build | Farm |
| 22:03 | Create | Villager (Male) |
| 22:03 | Create | Villager (Male) |
| 22:24 | Build | House |
| 22:35 | Age | Castle Age |
| 23:14 | Build | Stable |
| 23:16 | Build | Farm |
| 23:19 | Research | Bloodlines |
| 23:19 | Research | Bloodlines |
| 23:23 | Build | Siege Workshop |
| 23:25 | Create | Villager (Male) |
| 23:26 | Create | Villager (Male) |
| 23:33 | Build | Mining Camp |
| 23:34 | Create | Knight |
| 23:38 | Research | Chain Barding Armor |
| 23:38 | Research | Chain Barding Armor |
| 23:52 | Create | Cavalry Archer |
| 23:52 | Create | Cavalry Archer |
| 23:57 | Create | Villager (Male) |
| 24:00 | Build | Farm |
| 24:08 | Create | Knight |
| 24:09 | Create | Knight |
Build order — WestPlatypus43
First 150 of 194 actions detected
| 0:02 | Create | Villager (Male) |
| 0:02 | Create | Villager (Male) |
| 0:02 | Create | Villager (Male) |
| 0:02 | Create | Villager (Male) |
| 0:51 | Research | Loom |
| 1:54 | Create | Villager (Male) |
| 1:55 | Create | Villager (Male) |
| 2:24 | Create | Villager (Male) |
| 2:41 | Create | Villager (Male) |
| 2:41 | Create | Villager (Male) |
| 3:33 | Build | Lumber Camp |
| 3:35 | Create | Villager (Male) |
| 4:05 | Create | Villager (Male) |
| 4:06 | Create | Villager (Male) |
| 4:56 | Create | Villager (Male) |
| 4:56 | Create | Villager (Male) |
| 4:57 | Create | Villager (Male) |
| 5:33 | Create | Villager (Male) |
| 5:36 | Build | Mill |
| 6:37 | Create | Villager (Male) |
| 6:37 | Create | Villager (Male) |
| 6:38 | Create | Villager (Male) |
| 7:22 | Create | Villager (Male) |
| 7:32 | Build | Mill |
| 7:45 | Create | Villager (Male) |
| 7:59 | Create | Villager (Male) |
| 8:44 | Create | Villager (Male) |
| 8:45 | Create | Villager (Male) |
| 9:14 | Build | Mining Camp |
| 9:51 | Research | Feudal Age |
| 10:22 | Build | Barracks |
| 10:28 | Create | Villager (Male) |
| 10:29 | Create | Villager (Male) |
| 12:07 | Age | Feudal Age |
| 12:32 | Build | Stable |
| 12:43 | Build | Blacksmith |
| 12:57 | Create | Spearman |
| 14:02 | Research | Castle Age |
| 14:18 | Build | Farm |
| 14:18 | Build | Farm |
| 14:18 | Build | Farm |
| 14:19 | Build | Farm |
| 14:19 | Build | Farm |
| 14:19 | Build | Farm |
| 14:30 | Create | Spearman |
| 15:17 | Research | Double-Bit Axe |
| 15:26 | Build | Farm |
| 16:12 | Create | Villager (Male) |
| 16:41 | Age | Castle Age |
| 16:43 | Create | Knight |
| 16:43 | Create | Knight |
| 16:50 | Build | Town Center |
| 17:05 | Create | Knight |
| 17:08 | Create | Villager (Male) |
| 17:08 | Create | Villager (Male) |
| 17:12 | Create | Scout Cavalry |
| 17:34 | Research | Scale Barding Armor |
| 17:53 | Create | Villager (Male) |
| 17:53 | Create | Villager (Male) |
| 17:53 | Create | Villager (Male) |
| 18:14 | Create | Knight |
| 18:14 | Create | Knight |
| 18:41 | Research | Horse Collar |
| 19:15 | Create | Villager (Male) |
| 19:15 | Create | Villager (Male) |
| 19:15 | Create | Villager (Male) |
| 19:48 | Create | Knight |
| 20:14 | Create | Villager (Male) |
| 20:15 | Create | Villager (Male) |
| 20:22 | Build | Farm |
| 20:22 | Build | Farm |
| 20:23 | Build | Farm |
| 20:23 | Build | Farm |
| 20:23 | Build | Farm |
| 20:24 | Build | Farm |
| 20:24 | Build | Farm |
| 20:24 | Build | Farm |
| 20:24 | Build | Farm |
| 20:25 | Build | Farm |
| 20:25 | Build | Farm |
| 21:12 | Create | Villager (Male) |
| 21:12 | Create | Villager (Male) |
| 21:13 | Create | Villager (Male) |
| 21:13 | Create | Villager (Male) |
| 21:19 | Build | Farm |
| 21:19 | Build | Farm |
| 21:59 | Research | Husbandry |
| 22:02 | Create | Villager (Male) |
| 22:18 | Create | Knight |
| 22:46 | Create | Knight |
| 22:46 | Create | Knight |
| 22:47 | Create | Knight |
| 22:58 | Create | Villager (Male) |
| 22:58 | Create | Villager (Male) |
| 23:04 | Build | Farm |
| 23:04 | Build | Farm |
| 23:04 | Build | Farm |
| 23:05 | Build | Farm |
| 23:05 | Build | Farm |
| 23:05 | Build | Farm |
| 23:05 | Build | Farm |
| 23:09 | Build | Farm |
| 23:10 | Build | Farm |
| 23:10 | Build | Farm |
| 23:12 | Create | Villager (Male) |
| 23:12 | Create | Villager (Male) |
| 23:36 | Create | Villager (Male) |
| 23:36 | Create | Villager (Male) |
| 24:02 | Create | Villager (Male) |
| 24:02 | Create | Villager (Male) |
| 24:02 | Create | Villager (Male) |
| 24:10 | Create | Villager (Male) |
| 24:11 | Create | Villager (Male) |
| 24:17 | Build | Farm |
| 24:22 | Create | Villager (Male) |
| 24:39 | Research | Wheelbarrow |
| 25:03 | Create | Villager (Male) |
| 25:04 | Create | Villager (Male) |
| 25:04 | Create | Villager (Male) |
| 25:21 | Build | Town Center |
| 25:41 | Research | Gold Mining |
| 25:46 | Build | Farm |
| 26:25 | Create | Villager (Male) |
| 26:25 | Create | Villager (Male) |
| 26:26 | Create | Villager (Male) |
| 26:26 | Create | Villager (Male) |
| 26:32 | Research | Bow Saw |
| 26:40 | Build | Farm |
| 26:50 | Research | Bloodlines |
| 26:55 | Research | Forging |
| 26:58 | Create | Knight |
| 26:58 | Create | Knight |
| 26:59 | Create | Knight |
| 27:06 | Build | Stable |
| 27:07 | Build | Stable |
| 27:26 | Research | Chain Barding Armor |
| 27:28 | Create | Villager (Male) |
| 27:29 | Create | Villager (Male) |
| 27:33 | Build | Farm |
| 27:34 | Build | Farm |
| 27:34 | Build | Farm |
| 27:34 | Build | Farm |
| 27:34 | Build | Farm |
| 27:35 | Build | Farm |
| 27:53 | Create | Villager (Male) |
| 27:53 | Create | Villager (Male) |
| 27:54 | Create | Villager (Male) |
| 27:54 | Create | Villager (Male) |
| 28:01 | Build | Farm |
| 28:01 | Build | Farm |
Match timeline
| 4:25 | TheTaggerung · wall_segment Palisade Wall x7 |
| 6:03 | TheTaggerung · wall_segment Palisade Wall x8 |
| 6:12 | TheTaggerung · wall_segment Palisade Wall x1 |
| 7:28 | Dadagama · first_building Barracks |
| 7:38 | kuromi · wall_segment Palisade Wall x4 |
| 7:55 | kuromi · first_building Barracks |
| 8:01 | FreeWilly · first_building Barracks |
| 8:39 | Heisenberg · first_building Barracks |
| 8:48 | kuromi · wall_segment Palisade Wall x5 |
| 8:50 | NaaVyii_ · first_building Barracks |
| 8:56 | romulus.nashoba · first_building Barracks |
| 9:14 | Dadagama · age_up feudal |
| 9:17 | kuromi · wall_segment Palisade Wall x7 |
| 9:27 | Dadagama · first_building Stable |
| 9:27 | NaaVyii_ · age_up feudal |
| 9:41 | kuromi · age_up feudal |
| 9:41 | TheTaggerung · wall_segment Palisade Wall x1 |
| 9:43 | Heisenberg · age_up feudal |
| 9:47 | NaaVyii_ · first_building Stable |
| 9:49 | FreeWilly · age_up feudal |
| 9:52 | kuromi · first_building Archery Range |
| 9:52 | FreeWilly · first_building Stable |
| 10:05 | romulus.nashoba · age_up feudal |
| 10:08 | romulus.nashoba · first_building Archery Range |
| 10:12 | Heisenberg · first_building Stable |
| 10:20 | romulus.nashoba · wall_segment Palisade Wall x7 |
| 10:22 | WestPlatypus43 · first_building Barracks |
| 10:37 | TheTaggerung · age_up feudal |
| 10:39 | NaaVyii_ · wall_segment Palisade Wall x4 |
| 11:00 | TheTaggerung · wall_segment Stone Wall x18 |
| 11:38 | TheTaggerung · wall_segment Stone Wall x15 |
| 11:44 | NaaVyii_ · wall_segment Palisade Wall x1 |
| 12:07 | WestPlatypus43 · age_up feudal |
| 12:28 | romulus.nashoba · wall_segment Palisade Wall x5 |
| 12:32 | WestPlatypus43 · first_building Stable |
| 12:53 | NaaVyii_ · first_building Archery Range |
| 15:16 | NaaVyii_ · wall_segment Palisade Wall x11 |
| 16:15 | TheTaggerung · first_market_buy 100 stone |
| 16:41 | WestPlatypus43 · age_up castle |
| 18:56 | TheTaggerung · wall_segment Palisade Wall x1 |
| 19:17 | kuromi · wall_segment Palisade Wall x1 |
| 19:24 | NaaVyii_ · first_market_sell 100 food |
| 19:33 | romulus.nashoba · first_market_buy 100 food |
| 19:39 | romulus.nashoba · first_market_sell 100 wood |
| 22:13 | kuromi · first_market_sell 100 stone |
| 22:15 | kuromi · first_market_buy 100 food |
| 22:15 | Dadagama · age_up castle |
| 22:20 | romulus.nashoba · age_up castle |
| 22:30 | Dadagama · first_building Siege Workshop |
| 22:35 | NaaVyii_ · age_up castle |
| 23:23 | NaaVyii_ · first_building Siege Workshop |
| 23:52 | romulus.nashoba · first_building Monastery |
| 24:41 | FreeWilly · age_up castle |
| 24:44 | TheTaggerung · wall_segment Stone Wall x7 |
| 24:45 | Dadagama · first_market_buy 100 wood |
| 25:37 | kuromi · age_up castle |
| 25:39 | romulus.nashoba · first_building Siege Workshop |
| 25:45 | Dadagama · first_market_sell 100 food |
| 26:01 | TheTaggerung · wall_segment Stone Wall x5 |
| 26:02 | Dadagama · first_building Monastery |
| 26:34 | FreeWilly · first_market_sell 100 food |
| 26:47 | Heisenberg · age_up castle |
| 26:53 | TheTaggerung · first_market_sell 100 wood |
| 30:07 | kuromi · first_building Siege Workshop |
| 31:57 | WestPlatypus43 · resign |
| 32:11 | NaaVyii_ · first_market_buy 100 stone |
[ AI ANALYSIS · 1 CREDIT ]
What really happened in this match?
Wolo.gg analyzes every decision: build order, eco, micro, common mistakes by bracket. Personalized analysis on WhatsApp or Discord in 30 seconds.
Civ guide
Persians
Perfil
Jugador #11526726